AoeStats
← AxingQuestions

Arena

508980864Analyzed
4v4 RM · 6d ago on Sep 24, 2026· 40m 53s· 8 players
Game mode
Random Map
Map size
Large (8 player)
Population
200
Speed
Normal
Resources
Standard
Victory
Conquest
Starting age
Dark Age
Ending age
Imperial Age
RankedLock teamsTeams togetherTeam positionsShared explorationLock speedFull tech treeHidden civsTurbo modeCheats
Victory
Defeat
🇺🇸 Persians · United States
1232
+10
🇺🇸 Vikings · United States
1219
+11
🇳🇿 Celts · New Zealand
1198
+12
🇧🇷 Saxons · Brazil
1177
+12
🇨🇴 Romans · Colombia
1169
-13
🇵🇪 Magyars · Peru
1161
-14
🇨🇴 Turks · Colombia
1087
-11
🇨🇴 Hindustanis · Colombia
983
-7
AxingQuestions
10:24 Feudal Age
11:35 Loom
14:31 Castle Age
13:02 Double-Bit Axe
13:15 Horse Collar
15:06 Scale Mail Armor
19:11 Forging
20:43 Iron Casting
21:23 Bow Saw
22:33 Chain Mail Armor
22:33 Heavy Plow
23:52 Gold Mining
23:59 Town Watch
27:11 Stone Mining
27:57 Gold Shaft Mining
27:27 Town Patrol
30:31 Imperial Age
30:23 Squires
30:09 Arson
30:40 Elite Varangian Guard
31:54 Plate Mail Armor
32:24 Blast Furnace
31:15 Fletching
31:35 Elite Skirmisher
33:31 Padded Archer Armor
34:57 Bodkin Arrow
34:37 Capped Ram
36:13 Leather Archer Armor
36:31 Crop Rotation
37:10 Two-Man Saw
38:41 Ballistics
39:22 Chemistry
38:18 Murder Holes
39:13 Conscription
40:09 Siege Ram
HATamaTAH
4:55 Loom
9:15 Feudal Age
9:47 Double-Bit Axe
9:24 Man-at-Arms
10:13 Arson
14:12 Fletching
16:01 Scale Mail Armor
17:01 Horse Collar
24:30 Castle Age
25:32 Bow Saw
25:31 Town Watch
26:13 Stone Mining
30:50 Long Swordsman
35:16 Forging
35:13 Bodkin Arrow
38:24 Pikeman
38:50 Gambesons
39:06 Squires
40:08 Chain Mail Armor
.Hades.
10:18 Feudal Age
14:09 Castle Age
12:13 Double-Bit Axe
12:09 Horse Collar
15:54 Bow Saw
20:46 Heavy Plow
29:25 Imperial Age
27:39 Wheelbarrow
27:15 Loom
27:53 Town Watch
28:20 Bloodlines
28:11 Husbandry
28:17 Scale Barding Armor
29:05 Hand Cart
29:23 Chain Barding Armor
28:57 Fletching
29:20 Forging
29:42 Elite War Elephant
31:27 Crop Rotation
32:18 Plate Barding Armor
32:55 Iron Casting
33:00 Conscription
33:03 Citadels
36:24 Blast Furnace
36:09 Caravan
36:37 Gold Mining
36:38 Stone Mining
scrawnny12
9:48 Feudal Age
10:15 Double-Bit Axe
10:12 Horse Collar
12:32 Gold Mining
18:01 Castle Age
19:12 Wheelbarrow
22:33 Imperial Age
21:14 Scale Mail Armor
21:26 Forging
21:42 Bow Saw
21:38 Heavy Plow
23:05 Chain Mail Armor
23:14 Capped Ram
26:42 Gambesons
30:03 Loom
32:36 Ballistics
33:17 Chemistry
35:04 Heavy Scorpion
38:16 Furor Celtica
38:27 Conscription
41:01 Siege Engineers
41:29 Plate Mail Armor
41:34 Iron Casting
Canablitz7546
7:23 Loom
7:29 Loom
9:45 Feudal Age
8:49 Loom
10:30 Double-Bit Axe
10:36 Horse Collar
14:07 Town Watch
18:18 Castle Age
17:04 Scale Mail Armor
17:19 Forging
17:01 Gold Mining
19:13 Bow Saw
19:05 Man-at-Arms
20:00 Long Swordsman
20:50 Squires
21:06 Chain Mail Armor
22:05 Wheelbarrow
22:23 Heavy Plow
23:01 Iron Casting
26:52 Stone Mining
26:39 Pikeman
30:56 Hand Cart
34:47 Imperial Age
33:14 Fletching
34:58 Ballistas
35:35 Heavy Scorpion
36:54 Conscription
37:30 Crop Rotation
Miguel de Unamano
10:38 Feudal Age
16:36 Castle Age
15:01 Double-Bit Axe
18:39 Double-Bit Axe
21:35 Imperial Age
20:11 Loom
24:06 Bow Saw
25:53 Wheelbarrow
29:43 Padded Archer Armor
35:01 Two-Man Saw
33:42 Horse Collar
33:53 Gold Mining
34:14 Scale Barding Armor
34:20 Forging
34:58 Bloodlines
34:49 Husbandry
36:44 Iron Casting
36:28 Leather Archer Armor
37:45 Heavy Camel Rider
lachanda420
4:23 Loom
11:38 Feudal Age
17:55 Castle Age
28:08 Double-Bit Axe
30:26 Horse Collar
30:53 Fletching
34:25 Heavy Plow
34:37 Bow Saw
34:21 Gold Mining
34:22 Stone Mining
36:01 Wheelbarrow
38:18 Imperial Age
35:36 Town Watch
36:53 Grand Trunk Road
38:21 Gold Shaft Mining
38:10 Scale Mail Armor
38:21 Forging
38:11 Padded Archer Armor
38:07 Bodkin Arrow
40:48 Chemistry
40:09 Ballistics
41:28 Shatagni
EminenceShadow
5:03 Loom
9:45 Feudal Age
10:20 Double-Bit Axe
17:34 Castle Age
17:34 Horse Collar
17:47 Gold Mining
24:36 Fletching
25:54 Bodkin Arrow
29:12 Wheelbarrow
28:23 Town Watch
29:09 Bow Saw
29:04 Heavy Plow
34:04 Imperial Age
32:11 Ballistics
32:23 Padded Archer Armor
34:18 Hand Cart
34:03 Town Patrol
35:30 Conscription
35:49 Masonry
35:57 Elite Magyar Huszar
36:43 Scale Barding Armor
39:03 Chemistry
39:13 Recurve Bow
39:48 Chain Barding Armor
41:05 Two-Man Saw
Connection lost

Rejoining the realm…

Still unreachable

The connection could not be restored.

Session expired

The server has moved on; the page needs a fresh start.